 Dungeon Crawl Stone Soup version 0.21.1-1-g345015fe64 (webtiles) character file.

255148 RUZZLEFAZAZZLE the Warrior (level 19, -19/155 HPs)
             Began as a Hill Orc Fighter on Feb 7, 2018.
             Was a High Priest of Okawaru.
             Blown up by a great orb of eyes (40 damage)
             ... with a disintegration bolt
             ... on level 5 of the Pits of Slime.
             The game lasted 03:08:48 (41187 turns).

RUZZLEFAZAZZLE the Warrior (Hill Orc Fighter)      Turns: 41187, Time: 03:08:54

Health: -19/155    AC: 26    Str: 30    XL:     19   Next: 77%
Magic:  25/28      EV:  8    Int: 10    God:    Okawaru [*****.]
Gold:   1646       SH: 29    Dex: 18    Spells: 18/18 levels left

rFire    + + .     SeeInvis .   b - +7 war axe (pain)
rCold    + . .     Gourm    .   O - +5 large shield
rNeg     . . .     Faith    .   A - +3 chain mail "Azxantaa" {rPois Slay+4}
rPois    +         Spirit   .   V - +4 hat of the Foremost Deaths {rCorr Dex+5}
rElec    +         Reflect  .   r - scarf {rC+ rF+}
rCorr    +         Harm     .   p - +2 pair of gloves {Dex+3}
MR       +....                  e - +2 pair of boots {run}
Stlth    ..........             o - amulet of magic regeneration
HPRegen  0.35/turn              I - +2 ring of protection
MPRegen  0.46/turn              D - +3 ring of strength

@: corroded, quick
A: molten scales 1, rugged brown scales 1, blink, clever 1, fire resistance 1,
frail 2, electricity resistance, MP-powered wands
}: 2/15 runes: decaying, gossamer
a: Blink, Heroism, Finesse, Renounce Religion


You were on level 5 of the Pits of Slime.
You worshipped Okawaru.
Okawaru was extremely pleased with you.
You were not hungry.

You visited 7 branches of the dungeon, and saw 35 of its levels.
You also visited: Labyrinth and Ossuary.

You collected 2621 gold pieces.
You spent 975 gold pieces at shops.

Inventory:

Hand Weapons
 b - a +7 war axe of pain (weapon)
 n - a +1 war axe of distortion
 y - a +1 hand axe of freezing
 F - a +1 hand axe of flaming
 U - a +0 hand axe of electrocution
Missiles
 T - 7 tomahawks of returning (quivered)
Armour
 e - a +2 pair of boots of running (worn)
 m - a +2 shield of reflection
 p - a +2 pair of gloves of dexterity (worn)
 r - a scarf of resistance (worn)
 A - the +3 chain mail "Azxantaa" (worn) {rPois Slay+4}
   (You found it on level 10 of the Dungeon)

   It affects your accuracy and damage with ranged weapons and melee attacks
   (+4).
   It protects you from poison.
 H - a +2 large shield of positive energy
 J - the +4 helmet of Fortification {rElec Dex+3}
   (You acquired it on level 5 of the Lair of Beasts)

   It affects your dexterity (+3).
   It insulates you from electricity.
 L - a +2 large shield of poison resistance
 O - a +5 large shield (worn)
 V - the +4 hat of the Foremost Deaths (worn) {rCorr Dex+5}
   (You found it on level 3 of the Swamp)

   It affects your dexterity (+5).
   It protects you from acid and corrosion.
Jewellery
 g - an uncursed ring of flight
 o - an amulet of magic regeneration (around neck)
 u - an uncursed ring of protection from cold
 D - a +3 ring of strength (right hand)
 I - a +2 ring of protection (left hand)
 Y - an uncursed ring of positive energy
Wands
 d - a wand of polymorph (38)
 v - a wand of paralysis (5)
 G - a wand of enslavement (57)
 M - a wand of scattershot (3)
 N - a wand of iceblast (57)
 P - a wand of digging (25)
 Q - a wand of random effects (25)
Scrolls
 a - 4 scrolls of identify
 h - 8 scrolls of amnesia
 j - 16 scrolls of teleportation
 l - 10 scrolls of remove curse
 q - 4 scrolls of magic mapping
 s - 2 scrolls of blinking
 B - 2 scrolls of brand weapon
 C - a scroll of fear
 K - 3 scrolls of fog
 Z - a scroll of summoning
Potions
 c - 2 potions of ambrosia
 i - 5 potions of lignification
 k - 6 potions of curing
 t - 3 potions of resistance
 x - a potion of agility
 z - 2 potions of might
 E - 7 potions of haste
 X - 4 potions of heal wounds
Miscellaneous
 w - a lamp of fire
Comestibles
 f - 44 rations


   Skills:
 * Level 20.7 Fighting
 - Level 18.1 Axes
   Level 0.8(10.5) Maces & Flails
 + Level 18.0 Armour
 + Level 18.0 Shields
 + Level 12.8 Invocations
 - Level 3.7 Evocations


You had 18 spell levels left.
You didn't know any spells.

Dungeon Overview and Level Annotations

Branches:
Dungeon (13/15)            Temple (1/1) D:6            Lair (6/6) D:11
  Swamp (4/4) Lair:3       Spider (4/4) Lair:2        Slime (5/5) Lair:5
    Orc (2/2) D:12            Elf (0/3) Orc:2
 Vaults: D:13-14

Altars:
Ashenzari
Cheibriados
Dithmenos
Elyvilon
Fedhas
Gozag
Hepliaklqana
Kikubaaqudgha
Makhleb
Nemelex Xobeh
Okawaru
Qazlal
Ru
Sif Muna
Trog
Uskayaw
Vehumet
Wu Jian
Xom
Yredelemnul
Zin
The Shining One

Shops:
D:4 [[?   D:5 ?   D:10 [   Orc:2 *(:[

Portals:
Trove: D:10 (give horn of Geryon)

Annotations:
D:13 Nessos


Innate Abilities, Weirdness & Mutations

You are partially covered in molten scales. (AC +2)
You are partially covered in rugged brown scales. (AC +1, +3% HP)
You can translocate small distances at will.
Your mind is acute. (Int +2)
Your flesh is heat resistant. (rF+)
You are very frail. (-20% HP)
You are resistant to electric shocks. (rElec)
You expend magic power (3 MP) to strengthen your wands.


Message History

The splash of acid hits you! You resist.
You are splashed with acid!
The acid burns!
You resist.
You feel like a meek peon again. The acid blob spits acid at you.
The splash of acid misses you.
A great orb of eyes comes into view.
The great orb of eyes gazes at you.
You feel your power leaking away. The acid blob spits acid at you.
You block the splash of acid. The great orb of eyes gazes at you.
You are blasted!
* * * LOW HITPOINT WARNING * * *
The acid blob spits acid at you. The splash of acid hits you!
You are splashed with acid!
The acid burns!
You resist.
* * * LOW HITPOINT WARNING * * *
The great orb of eyes gazes at you.
You are blasted!
You die...

...........## #.#
............#### #..###
...............##.....#
...........<.........#
...................##
....................#
....................#
#...................##
#........@...........#
###..................##
#....................##
#.......J.............#
####...................##
#.....G................##
.#.....J...............#
##..................###
##..................#


You could see an acid blob, a great orb of eyes and a slime creature.

Vanquished Creatures
  Mara (Spider:3)
  The ghost of Dommiel19 the Slayer, an adept MiBe of Trog (Slime:2)
  15 acid blobs
  4 thorn hunters
  8 azure jellies
  Gastronok (Orc:1)
  5 ghost moths
  The ghost of Dommiel19 the Brawler, a journeyman TrBe of Trog (Spider:1)
  5 emperor scorpions (Spider:4)
  A stone giant (Orc:2)
  2 entropy weavers
  The ghost of BrokenGlass the Martial Artist, a journeyman OpFi of Cheibriados (Lair:4)
  A spark wasp (Spider:2)
  Azrael (Orc:2)
  3 ettins
  2 death oozes
  A minotaur (Lab)
  A vault guard (D:10)
  21 hydras
  Fannar (D:11)
  A catoblepas (Lair:6)
  2 ghost crabs
  Erica (D:8)
  4 two-headed ogres
  8 alligators
  A death yak (Lair:6)
  2 orc high priests (Orc:2)
  A spriggan druid (Swamp:4)
  10 swamp dragons
  3 shambling mangroves
  23 orb spiders
  The ghost of DildoBatman the Covered, a novice FoEn of Ashenzari (D:7)
  28 wolf spiders
  3 shining eyes
  2 orc knights
  7 ugly things
  3 orc sorcerers (Orc:2)
  A moth of wrath (Spider:2)
  3 elephants (Lair:6)
  10 cyclopes
  6 torpor snails
  7 black mambas
  32 spiny frogs
  3 rime drakes
  9 komodo dragons
  13 demonic crawlers
  2 ice devils (Lair:5)
  20 jumping spiders
  5 trolls
  23 hornets
  A polar bear (Lair:2)
  10 tyrant leeches
  Grinder (D:4)
  16 bog bodies
  110 slime creatures
  6 dream sheep (Lair:4)
  29 blink frogs
  A raiju (shapeshifter) (D:10)
  7 hippogriffs
  82 redbacks
  7 spriggans
  A shadow (D:11)
  3 wyverns
  40 tarantellas
  Eustachio (D:4)
  A basilisk (Lair:5)
  2 fire elementals
  A steam dragon (Lair:4)
  35 yaks
  2 golden eyes (Slime:4)
  2 hungry ghosts
  19 vampire mosquitoes
  6 wargs
  15 insubstantial wisps
  17 swamp worms
  A soldier ant (D:8)
  15 water moccasins
  13 porcupines
  6 hell hounds
  5 ice beasts
  24 orc warriors
  9 swamp drakes
  5 sky beasts
  5 eyes of draining
  41 wolves
  17 ogres
  3 centaurs
  7 crocodiles
  3 big kobolds
  27 bullfrogs
  9 scorpions
  17 killer bees
  3 wights (D:6)
  3 electric eels
  3 howler monkeys
  7 crimson imps
  A quasit (D:12)
  2 bullfrog zombies (Ossuary)
  10 centaur zombies
  5 jellies
  4 hounds
  A gnoll shaman (D:5)
  23 orc priests
  4 bullfrog skeletons
  3 centaur skeletons
  14 mummies (Ossuary)
  22 orc wizards
  3 iguanas
  18 worker ants
  4 hound zombies
  2 hound skeletons (D:11)
  4 worker ant zombies
  16 gnolls
  A howler monkey skeleton (D:7)
  15 adders
  6 shadow imps
  3 oozes
  3 adder zombies
  4 worms
  6 dart slugs
  6 leopard geckos
  71 orcs
  A ball python (D:3)
  6 bats
  6 giant cockroaches
  12 goblins
  10 hobgoblins
  8 jackals
  2 quokkas
  A ball python zombie (D:5)
  6 frilled lizards
  A jackal zombie (D:8)
  27 kobolds
  3 leopard gecko zombies (Ossuary)
  A quokka skeleton (D:4)
  4 rats
  6 briar patches (Swamp:3)
  7 fungi
  6 plants
1306 creatures vanquished.

Vanquished Creatures (collateral kills)
  A hydra (Swamp:4)
  A wolf spider (Spider:4)
  A bog body (Swamp:4)
  2 swamp drakes (Swamp:4)
5 creatures vanquished.

Vanquished Creatures (others)
  the Lernaean hydra (Swamp:4)
  A hydra (Swamp:4)
  A spiny frog (Lair:5)
  2 redbacks (Spider:1)
  A tarantella (Spider:4)
  A porcupine (Lair:4)
  An ogre (Orc:2)
  58 fungi
  62 plants
  A withered plant (Ossuary)
129 creatures vanquished.

Grand Total: 1440 creatures vanquished

Notes
Turn   | Place    | Note
-------+----------+-------------------------------------------
     0 | D:1      | RUZZLEFAZAZZLE the Hill Orc Fighter began the quest for the Orb.
     0 | D:1      | Reached XP level 1. HP: 19/19 MP: 1/1
    28 | D:1      | Reached XP level 2. HP: 16/27 MP: 2/2
    44 | D:1      | Identified a +2 pair of boots of running (You found it on level 1 of the Dungeon)
   232 | D:1      | Reached skill level 4 in Fighting
   236 | D:1      | Reached XP level 3. HP: 29/33 MP: 3/3
   710 | D:2      | Reached XP level 4. HP: 27/40 MP: 4/4
  1617 | D:2      | Reached XP level 5. HP: 47/47 MP: 5/5
  1986 | D:3      | Reached skill level 5 in Fighting
  2034 | D:3      | Reached XP level 6. HP: 46/56 MP: 6/6
  2305 | D:4      | Found Ytsocukho's Antique Armour Boutique.
  2316 | D:4      | Bought a pair of embroidered gloves for 120 gold pieces
  2330 | D:4      | Bought a runed scarf for 128 gold pieces
  2378 | D:4      | Noticed Grinder
  2386 | D:4      | Paralysed by Grinder for 4 turns
  2394 | D:4      | Killed Grinder
  2394 | D:4      | Reached skill level 5 in Axes
  2394 | D:4      | Reached skill level 5 in Armour
  2394 | D:4      | Reached skill level 5 in Shields
  2394 | D:4      | Reached XP level 7. HP: 43/62 MP: 7/7
  2577 | D:4      | Found a sacrificial altar of Ru.
  2630 | D:4      | Found Homigh's Magic Scroll Shoppe.
  2634 | D:4      | Bought a scroll of identify for 26 gold pieces
  2677 | D:4      | Reached skill level 6 in Fighting
  2778 | D:4      | Noticed Eustachio
  2809 | D:4      | Killed Eustachio
  2809 | D:4      | Reached XP level 8. HP: 56/71 MP: 8/8
  2937 | D:4      | Found Zeled's Antique Armour Boutique.
  3118 | D:5      | Entered Level 5 of the Dungeon
  3299 | D:5      | Found a shattered altar of Ashenzari.
  3464 | D:5      | Reached skill level 7 in Fighting
  3478 | D:5      | Found Sistysue's Magic Scroll Shop.
  3487 | D:5      | Bought 2 scrolls of identify for 48 gold pieces
  3800 | D:6      | Reached XP level 9. HP: 65/79 MP: 9/9
  3850 | D:6      | Found a staircase to the Ecumenical Temple.
  3948 | D:6      | Found a sand-covered staircase.
  3954 | Ossuary  | Entered an ossuary
  3996 | Ossuary  | Reached skill level 8 in Fighting
  4480 | Temple   | Entered the Ecumenical Temple
  4513 | Temple   | Became a worshipper of Warmaster Okawaru
  5176 | D:6      | Reached skill level 1 in Invocations
  5283 | D:7      | Noticed a hornet
  5296 | D:7      | Killed a hornet
  5316 | D:7      | Noticed DildoBatman's ghost (novice FoEn)
  5330 | D:7      | Killed DildoBatman's ghost
  5330 | D:7      | Reached * piety under Okawaru
  5330 | D:7      | Reached skill level 9 in Fighting
  5330 | D:7      | Reached XP level 10. HP: 77/91 MP: 10/12
  5382 | D:7      | Reached ** piety under Okawaru
  6138 | D:8      | Noticed a two-headed ogre
  6162 | D:8      | Killed a two-headed ogre
  6162 | D:8      | Reached skill level 10 in Axes
  6338 | D:8      | Gained mutation: You have sharp toenails. [potion of mutation]
  6338 | D:8      | Gained mutation: You can translocate small distances at will. [potion of mutation]
  6382 | D:8      | Reached skill level 5 in Invocations
  6502 | D:8      | Noticed a two-headed ogre
  6519 | D:8      | Killed a two-headed ogre
  6519 | D:8      | Reached *** piety under Okawaru
  6895 | D:8      | Noticed Erica
  6901 | D:8      | Reached skill level 10 in Fighting
  6918 | D:8      | Killed Erica
  6918 | D:8      | Reached XP level 11. HP: 67/100 MP: 15/15
  7325 | D:8      | Reached **** piety under Okawaru
  7330 | D:8      | Paralysed by a hornet for 2 turns
  7334 | D:8      | Paralysed by a hornet for 1 turns
  8644 | D:9      | Noticed a two-headed ogre
  8661 | D:9      | Killed a two-headed ogre
  9003 | D:10     | Entered Level 10 of the Dungeon
  9021 | D:10     | Found Buwk's Antique Armour Shop.
  9036 | D:10     | Bought a pair of spiked gloves for 256 gold pieces
  9046 | D:10     | Identified the cursed +0 pair of gloves of Elankifa {Stlth+} (You bought it in a shop on level 10 of the Dungeon)
  9499 | D:10     | Noticed a vault guard
  9507 | D:10     | Killed a vault guard
  9507 | D:10     | Reached skill level 10 in Armour
  9530 | D:10     | Found a portal to a secret trove of treasure.
  9577 | D:10     | Reached skill level 10 in Shields
  9680 | D:10     | Got a heavily runed chain mail
  9699 | D:10     | Identified the +3 chain mail "Azxantaa" {rPois Slay+4} (You found it on level 10 of the Dungeon)
  9734 | D:10     | Reached ***** piety under Okawaru
  9814 | D:10     | Lost mutation: You have sharp toenails. [potion of mutation]
  9814 | D:10     | Gained mutation: You are partially covered in rugged brown scales. (AC +1, +3% HP) [potion of mutation]
  9814 | D:10     | Gained mutation: You are partially covered in molten scales. (AC +2) [potion of mutation]
  9814 | D:10     | Gained mutation: You are resistant to electric shocks. (rElec) [potion of mutation]
  9814 | D:10     | Gained mutation: Your mind is acute. (Int +2) [potion of mutation]
  9986 | D:11     | Reached skill level 11 in Fighting
 10245 | D:11     | Noticed an eight-headed hydra
 10393 | D:11     | Found a staircase to the Lair.
 10440 | D:11     | Noticed Fannar
 10442 | D:11     | Noticed a cyclops
 10463 | D:11     | Killed a cyclops
 10463 | D:11     | Reached XP level 12. HP: 84/113 MP: 14/18
 10488 | D:11     | Killed Fannar
 10652 | D:11     | Got a steaming great sword {protect}
 11032 | D:11     | Killed a four-headed hydra
 11113 | D:12     | Noticed a seven-headed hydra
 11122 | D:12     | Killed a two-headed hydra
 11224 | D:12     | Received a gift from Okawaru
 11225 | D:12     | Got a brightly glowing morningstar {god gift}
 11266 | D:12     | Identified the +1 morningstar of Otainemp {crush, rElec MR++ Dex+8} (Okawaru gifted it to you on level 12 of the Dungeon)
 11552 | D:12     | Found a labyrinth entrance.
 11599 | Lab      | Entered a labyrinth
 11825 | Lab      | Noticed a minotaur
 11837 | Lab      | Killed a minotaur
 11837 | Lab      | Reached skill level 12 in Fighting
 11843 | Lab      | Found the ring of Shadows {Umbra +Inv Stlth+}
 12110 | D:12     | Found a staircase to the Orcish Mines.
 12627 | D:12     | Received a gift from Okawaru
 12634 | D:12     | Reached XP level 13. HP: 109/122 MP: 19/19
 13052 | D:13     | Noticed Nessos
 13409 | Orc:1    | Entered Level 1 of the Orcish Mines
 13409 | Orc:1    | Noticed Gastronok
 13468 | Orc:1    | Killed Gastronok
 13867 | Orc:2    | Entered Level 2 of the Orcish Mines
 14471 | Orc:2    | Found a staircase to the Elven Halls.
 14471 | Orc:2    | Found Seorph's General Store.
 14476 | Orc:2    | Noticed an ettin
 14514 | Orc:1    | Reached skill level 13 in Fighting
 14540 | Orc:2    | Killed an ettin
 15004 | Orc:2    | Noticed Azrael
 15269 | Orc:2    | Killed Azrael
 15455 | Orc:2    | Bought a ration for 75 gold pieces
 15455 | Orc:2    | Bought 3 scrolls of identify for 90 gold pieces
 15464 | Orc:2    | Noticed an ettin
 15644 | Orc:1    | Killed an ettin
 16117 | Orc:2    | Noticed an ettin
 16166 | Orc:2    | Killed an ettin
 16456 | Orc:2    | Found Womel's Antique Armour Shoppe.
 16468 | Orc:2    | Paralysed by an orc sorcerer for 5 turns
 16477 | Orc:2    | Received a gift from Okawaru
 16866 | Orc:1    | Reached XP level 14. HP: 88/133 MP: 20/20
 17113 | Orc:2    | Found Dedain's Antique Weapon Boutique.
 17163 | Orc:2    | Found Yjitt's Book Shop.
 17186 | Orc:2    | Noticed a stone giant
 17206 | Orc:2    | Killed a stone giant
 17458 | Orc:2    | Bought a glowing shield for 232 gold pieces
 18026 | Lair:1   | Entered Level 1 of the Lair of Beasts
 18183 | Lair:1   | Reached skill level 14 in Fighting
 19096 | Lair:2   | Found a hole to the Spider Nest.
 19306 | Lair:2   | Reached skill level 15 in Axes
 19314 | Lair:2   | Received a gift from Okawaru
 19932 | Lair:3   | Identified Rex Yscha's Collected Works on Malediction
 20277 | Lair:3   | Found a staircase to the Swamp.
 20697 | Lair:4   | Reached skill level 1 in Evocations
 20940 | Lair:4   | Noticed BrokenGlass's ghost (journeyman OpFi)
 20969 | Lair:4   | Killed BrokenGlass's ghost
 21508 | Lair:5   | Reached ****** piety under Okawaru
 21527 | Lair:5   | Found a white marble altar of Elyvilon.
 21588 | Lair:5   | Received a gift from Okawaru
 21643 | Lair:5   | Reached XP level 15. HP: 141/143 MP: 21/21
 21740 | Lair:5   | Found a frozen archway.
 21801 | Lair:5   | Found a staircase to the Slime Pits.
 22316 | Lair:6   | Entered Level 6 of the Lair of Beasts
 22592 | Lair:6   | Reached skill level 15 in Fighting
 23590 | Lair:6   | Received a gift from Okawaru
 23798 | Lair:6   | Received a gift from Okawaru
 24308 | Spider:1 | Entered Level 1 of the Spider Nest
 24308 | Spider:1 | Noticed Dommiel19's ghost (journeyman TrBe)
 24319 | Spider:1 | Killed Dommiel19's ghost
 24950 | Spider:1 | Reached XP level 16. HP: 155/155 MP: 22/22
 25703 | Spider:2 | Reached skill level 16 in Fighting
 26180 | Spider:2 | Reached skill level 15 in Armour
 26180 | Spider:2 | Reached skill level 15 in Shields
 26446 | Spider:2 | Received a gift from Okawaru
 27540 | Spider:3 | Noticed Mara
 27545 | Spider:3 | Noticed RUZZLEFAZAZZLE's illusion
 27564 | Spider:3 | Killed Mara
 27564 | Spider:3 | Received a gift from Okawaru
 28076 | Spider:3 | Reached XP level 17. HP: 164/164 MP: 23/23
 28589 | Spider:4 | Entered Level 4 of the Spider Nest
 28675 | Spider:4 | Reached skill level 17 in Fighting
 30079 | Spider:4 | Reached skill level 10 in Invocations
 30427 | Spider:4 | Received a gift from Okawaru
 31560 | Spider:4 | Got a gossamer rune of Zot
 31750 | Swamp:1  | Entered Level 1 of the Swamp
 33657 | Swamp:3  | Reached skill level 18 in Fighting
 33659 | Swamp:3  | Reached XP level 18. HP: 171/177 MP: 26/26
 33865 | Swamp:3  | Identified a scroll of acquirement
 33917 | Swamp:3  | Identified the +4 hat of the Foremost Deaths {rCorr Dex+5} (You found it on level 3 of the Swamp)
 33979 | Swamp:3  | Received a gift from Okawaru
 33982 | Swamp:3  | Identified the +0 hat "Wyschurad" {rPois Int+2 Stlth+} (Okawaru gifted it to you on level 3 of the Swamp)
 34264 | Swamp:4  | Entered Level 4 of the Swamp
 34916 | Swamp:4  | Noticed the 27-headed Lernaean hydra
 34927 | Swamp:4  | Killed the 20-headed Lernaean hydra
 34950 | Swamp:4  | Got a decaying rune of Zot
 35025 | Swamp:4  | Reached skill level 19 in Fighting
 36330 | Slime:1  | Entered Level 1 of the Pits of Slime
 36365 | Slime:1  | Received a gift from Okawaru
 36399 | Lair:5   | Got a crude helmet
 36400 | Lair:5   | Identified the +4 helmet of Fortification {rElec Dex+3} (You acquired it on level 5 of the Lair of Beasts)
 37986 | Slime:2  | Gained mutation: Your flesh is heat resistant. (rF+) [a shining eye]
 37987 | Slime:2  | Gained mutation: You expend magic power (3 MP) to strengthen your wands. [a shining eye]
 38026 | Slime:2  | Noticed Dommiel19's ghost (adept MiBe)
 38229 | Slime:2  | Killed Dommiel19's ghost
 38229 | Slime:2  | Reached XP level 19. HP: 168/189 MP: 17/27
 38238 | Slime:2  | Gained mutation: You are frail. (-10% HP) [a shining eye]
 39040 | Slime:3  | Reached skill level 20 in Fighting
 39341 | Slime:2  | Received a gift from Okawaru
 40510 | Slime:5  | Entered Level 5 of the Pits of Slime
 40682 | Slime:4  | Received a gift from Okawaru
 40695 | Slime:4  | Gained mutation: You are very frail. (-20% HP) [a shining eye]
 41187 | Slime:5  | Blown up by a great orb of eyes

Skill      XL: |  1  2  3  4  5  6  7  8  9 10 11 12 13 14 15 16 17 18 19 |
---------------+----------------------------------------------------------+-----
Axes           | 3 4 5 6 7 9 10 11 13 14 15 16 18 | 18.1
Fighting       | 4 5 6 7 9 10 11 12 13 14 15 16 18 19 20 | 20.7
Armour         | 4 5 6 8 9 10 11 12 13 14 15 16 17 18 | 18.0
Shields        | 4 5 6 8 9 10 11 12 13 14 15 16 17 18 | 18.0
Invocations    | 3 6 8 9 11 12 | 12.8
Evocations     | 3 |  3.7
Maces & Flails | |  0.8

Action                   |  1- 3 |  4- 6 |  7- 9 | 10-12 | 13-15 | 16-18 | 19-21 || total
-------------------------+-------+-------+-------+-------+-------+-------+-------++-------
Melee: War axe           |   100 |   167 |   184 |       |   897 |  1364 |   315 ||  3027
       Hand axe          |       |       |   301 |   965 |   453 |   216 |       ||  1935
       Morningstar       |       |       |       |    14 |       |       |       ||    14
Invok: Heroism           |       |       |       |    21 |    23 |    18 |     9 ||    71
       Finesse           |       |       |       |     7 |     6 |     6 |     3 ||    22
 Abil: Blink             |       |       |       |     2 |       |       |       ||     2
Evoke: Lamp of fire      |       |       |       |       |     2 |     1 |       ||     3
       Wand              |       |       |       |       |     1 |    12 |       ||    13
  Use: Scroll            |       |     5 |    15 |    10 |    11 |    22 |       ||    63
       Potion            |       |     2 |     1 |    11 |     6 |     7 |       ||    27
 Stab: Petrifying        |       |       |       |       |     3 |       |       ||     3
       Petrified         |       |       |       |       |     1 |       |       ||     1
       Paralysed         |       |       |       |       |       |     2 |       ||     2
  Eat: Chunk             |       |     5 |     4 |    16 |    15 |     6 |       ||    46
       Ration            |       |       |     3 |     2 |     7 |    11 |     3 ||    26
Armor: Scale mail        |    49 |     9 |       |       |       |       |       ||    58
       Ring mail         |       |    55 |   147 |   110 |       |       |       ||   312
       Chain mail        |       |       |       |   106 |   520 |   885 |    86 ||  1597
       Plate armour      |       |       |       |     6 |       |       |       ||     6
       Skin              |       |       |       |    14 |       |       |       ||    14
Dodge: Dodged            |    34 |    50 |   105 |   232 |   396 |   335 |    39 ||  1191
Block: Shield            |    46 |   100 |   210 |   441 |   841 |   124 |       ||  1762
       Reflection        |       |       |       |       |     5 |       |       ||     5
       Large shield      |       |       |       |       |       |  1527 |   279 ||  1806
